AoeStats
← MGtheEvil

Arabia

511046822Analyzed
2v2 RM · 5h ago on Oct 3, 2026· 53m 59s· 4 players
Game mode
Random Map
Map size
Medium (4 player)
Population
200
Speed
Normal
Resources
Standard
Victory
Conquest
Starting age
Dark Age
Ending age
Imperial Age
RankedLock teamsTeams togetherTeam positionsShared explorationLock speedFull tech treeHidden civsTurbo modeCheats
Victory
Defeat
🇧🇩 Armenians · Bangladesh
803
+15
🇧🇩 Maya · Bangladesh
803
+15
🇹🇼 Vikings · Taiwan
782
-15
🇨🇳 Franks · China
772
-15
IonizedMedusa57
4:40 Loom
12:14 Feudal Age
24:25 Castle Age
24:19 Double-Bit Axe
24:20 Horse Collar
27:01 Crossbowman
28:33 Heavy Plow
30:23 Ballistics
30:27 Murder Holes
32:40 Treadmill Crane
domsen
0:38 Loom
12:42 Feudal Age
14:33 Double-Bit Axe
21:52 Castle Age
21:13 Gold Mining
21:19 Stone Mining
23:28 Gold Shaft Mining
24:44 Bow Saw
27:16 Fletching
36:12 Imperial Age
34:26 Wheelbarrow
35:28 Hand Cart
35:18 Husbandry
35:28 Scale Barding Armor
35:34 Forging
35:25 Scale Mail Armor
34:50 Ordonnance Companies
37:39 Cavalier
38:59 Iron Casting
38:46 Chain Barding Armor
38:54 Conscription
37:55 Elite Throwing Axeman
39:15 Paladin
41:20 Plate Barding Armor
41:46 Blast Furnace
41:04 Chain Mail Armor
41:44 Chivalry
42:18 Squires
42:04 Arson
42:04 Gambesons
47:15 Murder Holes
47:02 Treadmill Crane
47:29 Siege Engineers
MGtheEvil
5:26 Loom
11:12 Feudal Age
11:50 Double-Bit Axe
13:17 Man-at-Arms
15:43 Horse Collar
18:52 Scale Mail Armor
18:46 Long Swordsman
22:58 Forging
26:25 Castle Age
25:34 Fletching
26:23 Arson
27:02 Elite Skirmisher
28:27 Chain Mail Armor
28:35 Gambesons
28:12 Two-Handed Swordsman
28:53 Gambesons
29:10 Squires
30:55 Bodkin Arrow
31:36 Iron Casting
34:41 Wheelbarrow
37:32 Ballistics
36:56 Treadmill Crane
40:29 Imperial Age
38:15 Hand Cart
37:46 Town Watch
37:59 Gold Mining
38:23 Bow Saw
38:04 Stone Mining
38:33 Fervor
38:43 Fervor
38:40 Padded Archer Armor
39:37 Ballistics
39:29 Masonry
41:02 Leather Archer Armor
40:44 Guard Tower
41:53 Conscription
41:34 Elite Composite Bowman
43:02 Hoardings
43:47 Chemistry
53:08 Spies/Treason
Nayem
3:20 Loom
11:32 Feudal Age
12:18 Double-Bit Axe
13:17 Wheelbarrow
13:21 Gold Mining
19:30 Castle Age
18:36 Horse Collar
19:48 Fletching
21:51 Ballistics
22:30 Crossbowman
26:27 Hand Cart
27:38 Pikeman
28:24 Squires
30:48 Forging
32:07 Bow Saw
33:21 Stone Mining
33:34 Heavy Plow
35:05 Thumb Ring
40:34 Imperial Age
39:52 Arson
41:35 Conscription
41:48 Holcans
41:26 Eagle Warrior
41:39 Eagle Warrior
42:59 Iron Casting
42:24 Scale Mail Armor
44:42 Blast Furnace
43:06 Elite Eagle Warrior
47:07 Capped Ram
49:22 Siege Ram
54:00 Spies/Treason
Connection lost

Rejoining the realm…

Still unreachable

The connection could not be restored.

Session expired

The server has moved on; the page needs a fresh start.